 Dungeon Crawl Stone Soup version 0.30.0-29-ga12c61a403 (webtiles) character file.

Game seed: 15006544647566932525

199896 monsoonserge the Bludgeoner (level 19, -1/174 HPs)
             Began as a Meteoran Fighter on June 6, 2023.
             Was the Champion of Qazlal.
             Killed from afar by Louise (23 damage)
             ... with a bolt of lightning
             ... on level 3 of the Shoals on June 7, 2023.
             The game lasted 02:45:54 (13171 turns).

monsoonserge the Bludgeoner (Meteoran Fighter)     Turns: 13171, Time: 02:46:00

Health: -1/174     AC: 22    Str: 24      XL:     19   Next: 95%
Magic:  27/28      EV: 14    Int:  8 (11) God:    Qazlal [******]
Gold:   810        SH: 35    Dex: 14      Spells: 18/18 levels left

rFire   + . .        H - +9 flail (elec)
rCold   . . .        B - +2 tower shield {rN+}
rNeg    + . .        y - +1 chain mail of Vyofuen {rF+}
rPois   +            w - +0 helmet
rElec   +            s - +1 cloak
rCorr   .            N - +2 pair of gloves
SInv    +            q - +0 pair of boots
Will    ++...        f - amulet of reflection Stlth
                     v - ring of poison resistance
HPRegen 0.49/turn    T - ring of see invisible
MPRegen 0.21/turn

%: repel missiles, reflection
@: about to teleport, protected from electricity, glowing, studying Ice Magic,
unable to read
A: sense surroundings 3, otherworldly, glowing, explore regen, weak 1, inability
to read after injury 1
}: 1/15 runes: serpentine
a: Renounce Religion, Upheaval, Elemental Force, Disaster Area


You were on level 3 of the Shoals.
You worshipped Qazlal.
Qazlal was exalted by your worship.
You visited 5 branches of the dungeon, and saw 23 of its levels.
You visited the Abyss 1 time.
You also visited: Gauntlet and Ice Cave.

You collected 1175 gold pieces.
You spent 365 gold pieces at shops.

Inventory:

Hand Weapons
 H - a +9 flail of electrocution (weapon)
Missiles
 g - 6 boomerangs (quivered)
 h - 2 silver javelins
 J - 13 javelins
 O - a curare-tipped dart
Armour
 a - +0 acid dragon scales
 q - a +0 pair of boots (worn)
 s - a +1 cloak (worn)
 w - a +0 helmet (worn)
 y - the +1 chain mail of Vyofuen (worn) {rF+}
   (You bought it in a shop on level 2 of the Snake Pit)

   rF:        It protects you from fire.
 B - a +2 tower shield of positive energy (worn)
 I - a +0 kite shield of fire resistance
 N - a +2 pair of gloves (worn)
 R - +0 ice dragon scales
Jewellery
 d - a ring of resist corrosion
 f - an amulet of reflection (around neck)
 v - a ring of poison resistance (left hand)
 M - a +6 ring of dexterity
 T - a ring of see invisible (right hand)
Wands
 c - a wand of roots (8)
 u - a wand of digging (8)
 F - a wand of polymorph (9)
 K - a wand of light (3)
 S - a wand of mindburst (10)
 V - a wand of paralysis (22)
Scrolls
 i - 2 scrolls of silence
 j - 2 scrolls of teleportation
 k - 2 scrolls of fog
 o - 6 scrolls of enchant armour
 p - 5 scrolls of immolation
 t - 7 scrolls of poison
 x - 4 scrolls of fear
 A - 2 scrolls of amnesia {unknown}
 C - 2 scrolls of magic mapping
 L - 2 scrolls of torment
 U - 2 scrolls of brand weapon
 Y - a scroll of butterflies
 Z - 3 scrolls of blinking
Potions
 b - 3 potions of cancellation
 e - 15 potions of curing
 l - 6 potions of attraction
 m - 5 potions of lignification
 n - a potion of invisibility {unknown}
 r - 9 potions of heal wounds
 z - 2 potions of mutation {unknown}
 D - 3 potions of might
 E - a potion of flight
 G - a potion of resistance {unknown}
 P - 3 potions of haste
 Q - 3 potions of berserk rage
Miscellaneous
 W - a condenser vane (inert)
 X - a box of beasts (inert)


   Skills:
 + Level 16.7 Fighting
 + Level 5.8(13.4) Axes
 + Level 20.1(20.4) Maces & Flails
 + Level 7.0 Throwing
 + Level 12.8 Armour
 + Level 13.7 Dodging
 - Level 0.1 Stealth
 + Level 18.6 Shields
 + Level 11.1 Invocations
 - Level 8.0 Evocations


You had 18 spell levels left.
You didn't know any spells.
Your spell library contained the following spells:

 Spells                   Type           Power      Damage    Failure   Level
 Kiss of Death            Conj/Necr      0%         2d5       97%         1
 Magic Dart               Conj           0%         1d3       97%         1
 Shock                    Conj/Air       0%         1d3       97%         1
 Call Imp                 Summ           0%         N/A       99%         2
 Lesser Beckoning         Tloc           0%         N/A       99%         2
 Sublimation of Blood     Necr           0%         N/A       99%         2
 Confusing Touch          Hex            0%         N/A       100%        3
 Gell's Gravitas          Tloc           0%         N/A       100%        3
 Mephitic Cloud           Conj/Pois/Air  0%         N/A       100%        3
 Summon Guardian Golem    Hex/Summ       0%         N/A       100%        3
 Swiftness                Air            0%         N/A       100%        3
 Teleport Other           Tloc           0%         N/A       100%        3
 Vhi's Electric Charge    Tloc/Air       0%         N/A       100%        3
 Volatile Blastmotes      Fire/Tloc      0%         2d10      100%        3
 Airstrike                Air            0%         2d(0-16)  100%        4
 Dispel Undead            Necr           0%         3d6       100%        4
 Fulminant Prism          Conj/Hex       0%         3d5       100%        4
 Iskenderun's Mystic Bla  Conj/Tloc      0%         2d3       100%        4
 Petrify                  Tmut/Erth      0%         N/A       100%        4
 Arcjolt                  Conj/Air       0%         1d10      100%        5
 Irradiate                Conj/Tmut      0%         3d11      100%        5
 Lee's Rapid Deconstruct  Erth           0%         3d4*      100%        5
 Orb of Destruction       Conj           0%         9d5       100%        7
 Spellforged Servitor     Conj/Summ      0%         N/A       100%        7
 Maxwell's Capacitive Co  Air            0%         ∞         100%        8


Dungeon Overview and Level Annotations

Branches:
Dungeon (10/15) Zot: 894   Temple (1/1) D:6 Zot: 585    Lair (5/5) D:9 Zot: 169
 Shoals (3/4) Lair:2 Zot: 1009   Snake (4/4) Lair:3 Zot: 13   IceCv (visited)
Gauntlet (visited)
  Slime: Lair:4-5       Orc: D:9-12

Altars:
Ashenzari
Cheibriados
Dithmenos
Elyvilon
Fedhas
Gozag
Hepliaklqana
Kikubaaqudgha
Qazlal
Ru
Sif Muna
Trog
Uskayaw
Wu Jian
Xom
Yredelemnul

Shops:
D:1 (   Shoals:3 (   Snake:2 *[

Annotations:
D:10 2 transporters, turdburglar's ghost, novice DrTm
Lair:5 exclusion: 2 oklob plants
Shoals:3 Louise
Snake:3 2 transporters


Innate Abilities, Weirdness & Mutations

You passively map a large area around you.
You are easily found by Zot.
You glow in the dark.
You regain HP and MP as you explore.
You are weak. (Str -2)
You occasionally lose the ability to read scrolls when taking damage.


Message History

You block the white draconian stormcaller's attack.
You thump the white draconian stormcaller!
The white draconian stormcaller is severely wounded.
The rime drake bites something.
The white draconian stormcaller prays to Qazlal.
A deafening chorus of shrieks assaults your mind!
* * * LOW HITPOINT WARNING * * *
You hear an angry hiss.
You bludgeon the white draconian stormcaller!!
Lightning courses through the white draconian stormcaller!
You kill the white draconian stormcaller!
Qazlal accepts your kill.
The rime drake disappears in a puff of smoke!
You feel the corruption within you wane completely.
You feel stable.
You feel agile.
You feel stable.
You bludgeon the starcursed mass!!
You destroy the starcursed mass!
Qazlal accepts your kill.
The substance of the Abyss twists violently, and a gateway leading out appears!
A deafening chorus of shrieks assaults your mind!
* * * LOW HITPOINT WARNING * * *
You suddenly lose the ability to move!
The starcursed mass is engulfed in a thunderstorm.
You destroy the starcursed mass!
Qazlal accepts your kill.
You hear a bellow!
You can move again.
You hear a shout!
A deafening chorus of shrieks assaults your mind!
* * * LOW HITPOINT WARNING * * *
You shrug off the repeated paralysis!
You pass through the gate.
Welcome back to the Shoals!
Level annotation: Louise Louise gestures at you while chanting.
The bolt of lightning hits you!!
Your resistance to cold fades away.
You feel protected from electricity.
You feel threatened and lose the ability to read scrolls!
You die...

....)..~~~~~~~~~~.....~~ ~~
######.~~~~~~~~~......~~ ~ ~
##.~~~~~~~.......~ ~~~ , ~~
###..~~~~~~~......$~ ~
##..~~~~.......(....~ ~ ~
#..~~~~~......).....~~~~~~~~
~ #.~~~≈~~~..##...##.~.~~~ ~
~ #~≈≈≈~~~~..#.§...#..?~~~ ~
~~~≈≈≈~~~~......@☼....~~ ~~
~ ≈≈≈≈≈~~~~~~....∩@......~ ~
≈≈≈≈~~~~~~~~....~~~~.... ~
≈≈≈≈~~...~~~#~÷~~)#~.... ~
≈≈≈≈≈~##.~~~##~~~##~....~ ~~
~ ~≈≈≈ ,*.~~~ ...~~ .... ~
~≈≈≈ *#....~ .### ~ ~~~ ~~≈≈
##.~~~ * * ~~~ ~ ~~~≈ ~ ~ ~
~ ~ ~ ~


You could see Louise.

Vanquished Creatures
  A dread lich (Abyss:2)
  2 bone dragons
  A tentacled monstrosity (Abyss:2)
  A lich (Abyss:4)
  Mlioglotl (Snake:2)
  Gastronok (Lair:2)
  2 tentacled starspawn (Abyss:3)
  Polyphemus (Shoals:2)
  Ilsuiw (Shoals:2)
  19 nagarajas
  3 frost giants (IceCv)
  A draconian stormcaller (Abyss:4)
  Nessos (Lair:4)
  5 starcursed masses
  A lorocyproca (Abyss:2)
  A minotaur (Gauntlet)
  A white draconian (IceCv)
  A merfolk javelineer (Shoals:2)
  An entropy weaver (Gauntlet)
  A merfolk impaler (Shoals:2)
  A hydra (Lair:5)
  5 ice dragons (IceCv)
  Erolcha (D:9)
  3 salamander tyrants
  2 centaur warriors
  A merfolk aquamancer (Shoals:1)
  7 anacondas
  9 ironbound frosthearts (IceCv)
  2 two-headed ogres (D:10)
  2 merfolk avatars (Shoals:1)
  2 catoblepae
  17 naga warriors
  A satyr (Shoals:2)
  5 death yaks
  2 shock serpents
  13 naga sharpshooters
  2 deep elf knights (Abyss:3)
  A thrashing horror (Abyss:2)
  A salamander mystic (Snake:4)
  5 skysharks
  5 wretched stars
  A sixfirhy (Abyss:4)
  A goliath frog (Lair:5)
  7 sea snakes
  6 naga ritualists
  2 harpies (Shoals:3)
  A lindwurm (Lair:4)
  11 mana vipers
  7 ugly things
  3 worldbinders
  An orc sorcerer (Abyss:2)
  4 cyclopes
  A manticore (Shoals:3)
  A faun (Shoals:2)
  9 elephants
  18 salamanders
  8 guardian serpents
  An apocalypse crab (Abyss:2)
  An ice statue (Gauntlet)
  A water nymph (Shoals:1)
  5 merfolk sirens
  45 black mambas
  3 smoke demons
  A gargoyle (D:8)
  2 unseen horrors (Abyss:2)
  18 cane toads
  15 naga magi
  12 komodo dragons
  Maggie (D:7)
  An efreet (Abyss:2)
  A kobold demonologist (D:10)
  8 rime drakes
  2 ancient zymes
  A minotaur zombie (Gauntlet)
  14 polar bears
  7 merfolk
  2 trolls
  2 hellwings
  7 dream sheep
  16 blink frogs
  A tyrant leech (Lair:5)
  6 raiju (Abyss:2)
  3 snapping turtles (Shoals:1)
  6 large abominations
  A vampire (Abyss:2)
  6 water elementals
  A wraith (D:9)
  3 shadows (Gauntlet)
  7 wyverns
  27 yaks
  3 ynoxinuls
  Eustachio (D:5)
  2 chaos spawn
  A redback (Gauntlet)
  4 steam dragons
  3 basilisks
  5 vampire mosquitoes (Lair:5)
  43 nagas
  Duvessa (D:4)
  13 water moccasins
  2 black bears
  3 orc warriors
  2 sky beasts
  11 ice beasts
  15 wolves
  4 centaurs
  An ogre (D:5)
  5 kobold brigands
  2 gnoll sergeants
  15 bullfrogs
  A scorpion (D:5)
  3 wights (D:5)
  Dowan (D:4)
  9 killer bees
  8 small abominations
  4 howler monkeys
  7 electric eels
  A crimson imp (Abyss:2)
  2 jellies
  5 orc priests
  A wyvern simulacrum (D:8)
  2 hounds
  2 gnoll boudas
  2 sleepcaps
  An iguana (D:4)
  An iron imp (Abyss:2)
  10 orc wizards
  Ijyb (D:4)
  4 hell rats (Lair:5)
  3 centaur simulacra (D:8)
  Robin (D:3)
  24 gnolls
  12 adders
  9 white imps
  2 howler monkey simulacra (D:8)
  An ufetubus (Abyss:2)
  2 dart slugs
  35 orcs
  9 ball pythons
  8 bats
  2 endoplasms (D:3)
  4 giant cockroaches
  12 goblins
  6 hobgoblins
  6 jackals
  22 kobolds
  6 quokkas
  3 frilled lizards
  A rat (D:3)
810 creatures vanquished.

Vanquished Creatures (collateral kills)
  A black mamba (Snake:1)
  A naga mage (Snake:1)
  A rime drake (IceCv)
3 creatures vanquished.

Vanquished Creatures (others)
  A manticore (Shoals:1)
  A mana viper (Snake:1)
  A smoke demon (Abyss:4)
  A polar bear (IceCv)
  A naga (Snake:4)
  An orc wizard (D:5)
  2 kobolds (D:8)
  9 starspawn tentacles (Abyss:3)
17 creatures vanquished.

Grand Total: 830 creatures vanquished

Notes
Turn   | Place    | Note
-------+----------+-------------------------------------------
     0 | D:1      | monsoonserge the Meteoran Fighter began the quest for the
                  | Orb.
     0 | D:1      | Reached XP level 1. HP: 19/19 MP: 2/2
    98 | D:1      | Reached XP level 2. HP: 26/26 MP: 3/3
   105 | D:1      | Found Socseok's Weapon Shoppe.
   424 | D:2      | Reached XP level 3. HP: 31/31 MP: 4/4
   534 | D:2      | Reached XP level 4. HP: 34/38 MP: 5/5
   618 | D:2      | Reached XP level 5. HP: 28/46 MP: 6/6
   675 | D:3      | Found a bloodstained altar of Trog.
   700 | D:3      | Reached skill level 1 in Dodging
  1060 | D:3      | Noticed Robin
  1122 | D:3      | Killed Robin
  1123 | D:3      | Reached XP level 6. HP: 10/52 MP: 7/7
  1374 | D:4      | Noticed Duvessa
  1374 | D:4      | Noticed Dowan
  1382 | D:4      | Killed Dowan
  1383 | D:4      | Reached skill level 5 in Axes
  1387 | D:4      | Killed Duvessa
  1388 | D:4      | Reached skill level 5 in Armour
  1388 | D:4      | Reached XP level 7. HP: 54/59 MP: 8/8
  1423 | D:4      | Noticed Ijyb
  1433 | D:4      | Killed Ijyb
  1446 | D:4      | Found a snail-covered altar of Cheibriados.
  1668 | D:4      | Reached skill level 1 in Maces & Flails
  1749 | D:4      | Reached skill level 2 in Maces & Flails
  1755 | D:4      | Reached skill level 3 in Maces & Flails
  1755 | D:4      | Reached XP level 8. HP: 67/67 MP: 9/9
  1755 | D:4      | Found a blossoming altar of Fedhas.
  1848 | D:5      | Entered Level 5 of the Dungeon
  1949 | D:5      | Found a hide-covered altar of Uskayaw.
  1951 | D:5      | Found a shimmering blue altar of Sif Muna.
  1953 | D:5      | Found a sacrificial altar of Ru.
  1955 | D:5      | Found a stormy altar of Qazlal.
  1955 | D:5      | Found an opulent altar of Gozag.
  1955 | D:5      | Found a hazy altar of Hepliaklqana.
  1963 | D:5      | Became a worshipper of Qazlal Stormbringer
  1991 | D:5      | Reached skill level 4 in Maces & Flails
  2003 | D:5      | Reached skill level 5 in Maces & Flails
  2006 | D:5      | Reached skill level 5 in Fighting
  2061 | D:5      | Found the +5 robe of Misfortune {Harm *Corrode *Slow EV+5}
  2214 | D:5      | Reached skill level 6 in Maces & Flails
  2234 | D:5      | Noticed Eustachio
  2243 | D:5      | Killed Eustachio
  2282 | D:5      | Gained mutation: You passively map the area around you.
                  | [Meteoran growth]
  2282 | D:5      | Reached XP level 9. HP: 74/74 MP: 10/10
  2489 | D:6      | Reached skill level 7 in Maces & Flails
  2489 | D:6      | Reached skill level 1 in Throwing
  2553 | D:6      | Reached * piety under Qazlal
  2631 | D:6      | Found a staircase to the Ecumenical Temple.
  2637 | Temple   | Entered the Ecumenical Temple
  2962 | D:7      | Reached skill level 8 in Maces & Flails
  3209 | D:7      | Found an ornate altar of the Wu Jian Council.
  3298 | D:7      | Reached skill level 9 in Maces & Flails
  3337 | D:7      | Noticed Maggie
  3349 | D:7      | Reached skill level 5 in Shields
  3353 | D:7      | Killed Maggie
  3354 | D:7      | Reached XP level 10. HP: 53/83 MP: 11/11
  3397 | D:7      | Noticed a cyan ugly thing
  3398 | D:7      | Noticed a cyclops
  3410 | D:7      | Killed a cyan ugly thing
  3411 | D:7      | Reached skill level 10 in Maces & Flails
  3423 | D:7      | Noticed a brown ugly thing
  3438 | D:7      | Killed a brown ugly thing
  3439 | D:7      | Reached skill level 11 in Maces & Flails
  3454 | D:7      | Killed a cyclops
  3455 | D:7      | Reached skill level 1 in Evocations
  3667 | D:8      | Reached ** piety under Qazlal
  3670 | D:8      | Reached skill level 12 in Maces & Flails
  3686 | D:8      | Found an ancient bone altar of Kikubaaqudgha.
  3708 | D:8      | Reached XP level 11. HP: 89/92 MP: 12/12
  3713 | D:8      | Reached skill level 5 in Dodging
  3739 | D:8      | Reached skill level 1 in Invocations
  3887 | D:8      | Reached skill level 13 in Maces & Flails
  4094 | D:8      | Found a white marble altar of Elyvilon.
  4114 | D:8      | Reached *** piety under Qazlal
  4366 | D:9      | Noticed Erolcha
  4374 | D:9      | Killed Erolcha
  4384 | D:9      | Reached skill level 14 in Maces & Flails
  4417 | D:9      | Reached XP level 12. HP: 90/103 MP: 16/16
  4433 | D:9      | Found a staircase to the Lair.
  4716 | D:10     | Entered Level 10 of the Dungeon
  4722 | D:9      | Reached **** piety under Qazlal
  4790 | D:10     | Found a transporter.
  4791 | D:10     | Noticed turdburglar's ghost (novice DrTm)
  4923 | D:10     | Noticed a two-headed ogre
  4932 | D:10     | Killed a two-headed ogre
  4985 | D:10     | Reached skill level 5 in Invocations
  5005 | D:10     | Noticed a two-headed ogre
  5013 | D:10     | Killed a two-headed ogre
  5064 | D:10     | Found a transporter.
  5152 | Lair:1   | Entered Level 1 of the Lair of Beasts
  5233 | Lair:1   | Reached skill level 10 in Fighting
  5236 | Lair:1   | Reached skill level 15 in Maces & Flails
  5258 | Lair:1   | Reached XP level 13. HP: 113/113 MP: 18/18
  5795 | Lair:2   | Found a gate leading to a gauntlet.
  5823 | Gauntlet | Entered a Gauntlet
  5823 | Gauntlet | Found a transporter.
  5823 | Gauntlet | Found a transporter.
  5828 | Gauntlet | Found a transporter.
  5828 | Gauntlet | Found a transporter.
  5831 | Gauntlet | Found a transporter.
  5843 | Gauntlet | Found a runed translucent door.
  5844 | Gauntlet | Found a transporter.
  5845 | Gauntlet | Found a runed translucent door.
  5846 | Gauntlet | Found a transporter.
  5946 | Gauntlet | Found a transporter.
  5947 | Gauntlet | Found a transporter.
  5947 | Gauntlet | Found a transporter.
  5950 | Gauntlet | Noticed a death scarab
  5950 | Gauntlet | Noticed a reaper
  5961 | Gauntlet | Reached ***** piety under Qazlal
  5969 | Gauntlet | Noticed an entropy weaver
  5974 | Gauntlet | Noticed a death scarab
  5986 | Gauntlet | Found a transporter.
  6025 | Gauntlet | Killed an entropy weaver
  6027 | Gauntlet | Found a transporter.
  6036 | Gauntlet | Found a transporter.
  6046 | Gauntlet | Noticed a minotaur
  6057 | Gauntlet | Killed a minotaur
  6067 | Gauntlet | Identified the staff of earth "Iffij" {Str+2}
  6271 | Lair:2   | Reached skill level 16 in Maces & Flails
  6281 | Lair:2   | Noticed Gastronok
  6290 | Lair:2   | Killed Gastronok
  6375 | Lair:2   | Found a staircase to the Shoals.
  6520 | Lair:3   | Found a staircase to the Snake Pit.
  6533 | Snake:1  | Entered Level 1 of the Snake Pit
  6590 | Lair:3   | Reached XP level 14. HP: 94/125 MP: 20/20
  6931 | Lair:4   | Noticed Nessos
  6940 | Lair:4   | Killed Nessos
  7363 | Lair:5   | Entered Level 5 of the Lair of Beasts
  7429 | Lair:5   | Reached skill level 10 in Dodging
  7488 | Lair:4   | Reached skill level 10 in Shields
  7524 | Lair:4   | Reached skill level 17 in Maces & Flails
  7678 | Lair:5   | Reached skill level 10 in Armour
  7760 | Lair:5   | Reached XP level 15. HP: 111/134 MP: 22/22
  8077 | Lair:5   | Reached ****** piety under Qazlal
  8692 | Snake:2  | Noticed a nagaraja
  8721 | Snake:2  | Found Fetsomuc's General Store.
  8721 | Snake:2  | Found Zuewk's Antique Armour Boutique.
  8728 | Snake:2  | Bought a smoking chain mail for 209 gold pieces
  8728 | Snake:2  | Identified the +1 chain mail of Vyofuen {rF+} (You bought
                  | it in a shop on level 2 of the Snake Pit)
  8734 | Snake:2  | Bought a potion of might for 48 gold pieces
  8734 | Snake:2  | Bought a scroll of fear for 48 gold pieces
  8734 | Snake:2  | Bought a potion of berserk rage for 60 gold pieces
  8768 | Snake:2  | Killed a nagaraja
  8843 | Snake:2  | Reached XP level 16. HP: 144/144 MP: 22/24
  8853 | Snake:2  | Reached skill level 5 in Throwing
  8868 | Snake:2  | Noticed Mlioglotl
  8882 | Snake:2  | Killed Mlioglotl
  8888 | Snake:2  | Found a frozen archway.
  8893 | IceCv    | Entered an ice cave
  8942 | IceCv    | Reached skill level 5 in Evocations
  9155 | IceCv    | Noticed a frost giant
  9157 | IceCv    | Noticed a frost giant
  9158 | IceCv    | Noticed a frost giant
  9171 | IceCv    | Reached skill level 10 in Invocations
  9174 | IceCv    | Killed a frost giant
  9178 | IceCv    | Killed a frost giant
  9179 | IceCv    | Killed a frost giant
  9304 | IceCv    | Reached skill level 15 in Shields
  9443 | IceCv    | Glimpsed the power of Zot.
  9493 | IceCv    | Glimpsed the power of Zot.
  9546 | Snake:2  | Reached skill level 18 in Maces & Flails
  9738 | Snake:2  | You fall into a shaft and drop 1 floor!
  9738 | Snake:3  | Noticed a nagaraja
  9748 | Snake:3  | Killed a nagaraja
  9818 | Snake:3  | Reached XP level 17. HP: 130/152 MP: 17/25
  9852 | Snake:3  | Noticed a nagaraja
  9858 | Snake:3  | Killed a nagaraja
 10075 | Snake:3  | Found a white marble altar of Elyvilon.
 10134 | Snake:3  | Found a transporter.
 10168 | Snake:3  | Found a transporter.
 10178 | Snake:4  | Entered Level 4 of the Snake Pit
 10178 | Snake:4  | Noticed a nagaraja
 10206 | Snake:4  | Noticed a nagaraja
 10232 | Snake:3  | Killed a nagaraja
 10309 | Snake:4  | Noticed a nagaraja
 10310 | Snake:4  | Killed a nagaraja
 10315 | Snake:4  | Noticed a nagaraja
 10329 | Snake:4  | Killed a nagaraja
 10338 | Snake:4  | Killed a nagaraja
 10387 | Snake:4  | Noticed a nagaraja
 10391 | Snake:3  | Killed a nagaraja
 10392 | Snake:3  | Reached skill level 15 in Fighting
 10530 | Snake:4  | Noticed a nagaraja
 10555 | Snake:4  | Killed a nagaraja
 10556 | Snake:4  | Noticed a nagaraja
 10573 | Snake:4  | Killed a nagaraja
 10628 | Snake:4  | Reached skill level 19 in Maces & Flails
 10671 | Snake:4  | Noticed a nagaraja
 10700 | Snake:4  | Killed a nagaraja
 10732 | Snake:4  | Gained mutation: You passively map a large area around you.
                  | [Meteoran growth]
 10732 | Snake:4  | Reached XP level 18. HP: 99/166 MP: 26/26
 11217 | Snake:4  | Got a serpentine rune of Zot
 11490 | Snake:2  | Glimpsed the power of Zot.
 11540 | Snake:2  | Glimpsed the power of Zot.
 11622 | Shoals:1 | Entered Level 1 of the Shoals
 11916 | Shoals:2 | Noticed Ilsuiw
 11930 | Shoals:2 | Killed Ilsuiw
 11959 | Shoals:2 | Reached XP level 19. HP: 160/172 MP: 27/27
 12036 | Shoals:2 | Noticed Polyphemus
 12051 | Shoals:2 | Killed Polyphemus
 12391 | Shoals:3 | Found Oronauz's Weapon Emporium.
 12393 | Shoals:3 | Noticed Louise
 12398 | Abyss:2  | Cast into level 2 of the Abyss (Louise)
 12418 | Abyss:2  | Noticed a tentacled monstrosity
 12433 | Abyss:2  | Killed a tentacled monstrosity
 12545 | Abyss:2  | Noticed a profane servitor
 12566 | Abyss:2  | Found a corrupted altar of Lugonu.
 12645 | Abyss:2  | Found a corrupted altar of Lugonu.
 12651 | Abyss:2  | Noticed a bone dragon
 12665 | Abyss:2  | Killed a bone dragon
 12777 | Abyss:2  | Reached skill level 20 in Maces & Flails
 12787 | Abyss:2  | Noticed a dread lich
 12796 | Abyss:2  | Paralysed by a dread lich for 5 turns
 12798 | Abyss:2  | Noticed a Hell Sentinel
 12806 | Abyss:2  | Paralysed by a dread lich for 2 turns
 12814 | Abyss:2  | Killed a dread lich
 12879 | Abyss:3  | Found a corrupted altar of Lugonu.
 12881 | Abyss:3  | Noticed a bone dragon
 12920 | Abyss:3  | Killed a bone dragon
 13009 | Abyss:3  | Noticed an ancient lich
 13021 | Abyss:3  | Paralysed by accursed screaming for 1 turns
 13024 | Abyss:3  | Paralysed by accursed screaming for 2 turns
 13056 | Abyss:3  | Gained mutation: You occasionally lose the ability to read
                  | scrolls when taking damage. [a neqoxec]
 13060 | Abyss:3  | Gained mutation: You are very weak. (Str -4) [a neqoxec]
 13134 | Abyss:4  | Noticed a lich
 13155 | Abyss:4  | Killed a lich
 13156 | Abyss:4  | Paralysed by accursed screaming for 2 turns
 13168 | Abyss:4  | Paralysed by accursed screaming for 1 turns
 13171 | Shoals:3 | Escaped the Abyss
 13171 | Shoals:3 | Killed from afar by Louise

Illustrated notes

Levels and vault maps discovered:
D:1:      sevenhm_arrival_forest_fort_large_4, layout_basic, serial_shops, shop
D:2:      layout_rooms
D:3:      kennysheep_six_static_rooms, layout_basic, lightli_temple_of_fire,
          nicolae_figureground_sparkle, uniq_robin
D:4:      layout_basic, amcnicky_altar_gilded, mainiacjoe_overflow_alcove_1,
          uniq_duvessa, uniq_ijyb
D:5:      layout_basic, minitemple, uniq_eustachio
D:6:      layout_loops_cross, minmay_temple_entry_wispy,
          minmay_misc_feat_ornament
D:7:      minmay_chambers_of_sixes, layout_basic,
          nicolae_wu_jian_immortal_techniques, serial_glass, glass_columns_a,
          glass_columns_b, hangedman_abyss_or_decor_lesser_grid, uniq_maggie
D:8:      layout_basic, lemuel_crystal_altar, mainiacjoe_overflow_cross_hatched,
          serial_ice, serial_ice_k, serial_ice_n, serial_ice_m, serial_ice_e,
          serial_ice_g, serial_ice_d, serial_ice_f, serial_ice_o, serial_ice_c,
          serial_ice_b
D:9:      layout_roguey, hellmonk_lair_entry_icy, minivault_23,
          kennysheep_another_room, uniq_erolcha
D:10:     layout_roguey, gammafunk_ghost_berserking_beasts
Temple:   hellmonk_temple_rainy
Lair:1:   layout_cave_pods, grunt_megastairs_4
Lair:2:   layout_regular_city, elwin_shoals_entry_rooms, gauntlet_entry_generic,
          dreamdust_mushroom_princess, chequers_serial_rivers_small_3,
          lemuel_fruit_fields, uniq_gastronok
Lair:3:   layout_hall_layers, minmay_snake_entry_guardpost_medium,
          lemuel_fruit_fields, grunt_megastairs_2
Lair:4:   layout_concentric_octagons, lemuel_fruit_tree, uniq_nessos
Lair:5:   minmay_lair_end_frog_pond, layout_layer_cave,
          minmay_slime_entry_oklob_enclosed
Shoals:1: layout_shoals, lemuel_altar_in_water, nicolae_shoals_dead_sea_scrolls,
          uniq_roxanne
Shoals:2: layout_shoals, uniq_ilsuiw, uniq_polyphemus
Shoals:3: layout_shoals, serial_shops, nicolae_shop_bloodbath_and_beyond,
          nicolae_shoals_goliath_grotto, uniq_louise
Snake:1:  layout_rooms, guppyfry_library_mini, serial_bayou_shore_b,
          grunt_megastairs_3
Snake:2:  layout_gridlike, portal_ice_cave_entry_pillars_three,
          nicolae_snake_gridmaze_entwining, nicolae_wooded_promenade,
          uniq_mlioglotl
Snake:3:  gammafunk_the_bubble [the_bubble_gammafunk_grid],
          layout_misc_corridors, basic_altar, nicolae_snake_gridmaze_squiggle,
          serial_bayou_shore_b
Snake:4:  grunt_snake_rune_spirals, layout_onion_interference,
          serial_bayou_pond_e, nicolae_snake_guarding_the_ruins

Skill      XL: |  1  2  3  4  5  6  7  8  9 10 11 12 13 14 15 16 17 18 19 |
---------------+----------------------------------------------------------+-----
Armour         | 4 5 6 7 8 9 10 11 12 | 12.8
Axes           | 3 4 5 |  5.8
Shields        | 4 5 6 7 9 11 13 15 17 18 | 18.6
Dodging        | 1 2 3 4 6 7 9 10 11 12 13 | 13.7
Fighting       | 4 5 7 8 10 11 12 13 14 15 16 | 16.7
Maces & Flails | 3 6 9 12 14 15 16 17 18 19 20 | 20.1
Throwing       | 1 3 4 6 7 |  7.0
Evocations     | 1 3 4 6 8 |  8.0
Invocations    | 4 6 7 9 10 11 | 11.1
Stealth        | |  0.1

Action                     |  1- 3 |  4- 6 |  7- 9 | 10-12 | 13-15 | 16-18 | 19-21 || total
---------------------------+-------+-------+-------+-------+-------+-------+-------++-------
  Melee: War axe           |    68 |   110 |    20 |       |       |       |       ||   198
         Flail             |       |       |   244 |   529 |   707 |   820 |   443 ||  2743
  Throw: Dart              |       |       |     3 |     1 |    13 |    10 |       ||    27
         Boomerang         |       |       |     1 |     6 |    46 |    21 |     6 ||    80
 Invoke: Upheaval          |       |       |       |     1 |     1 |    13 |     7 ||    22
         Elemental Force   |       |       |       |       |       |     1 |       ||     1
         Disaster Area     |       |       |       |       |       |     2 |       ||     2
  Evoke: Wand              |       |       |     1 |     5 |       |       |     1 ||     7
         Box of beasts     |       |       |       |       |     1 |     2 |     1 ||     4
         Condenser vane    |       |       |       |       |       |     2 |     1 ||     3
         Piece from Xom's  |       |       |       |       |       |     1 |       ||     1
    Use: Potion            |       |     1 |     1 |     1 |     3 |     3 |     1 ||    10
         Scroll            |       |       |     9 |     4 |    14 |     3 |     6 ||    36
   Stab: Distracted        |       |       |       |       |       |     1 |       ||     1
         Petrified         |       |       |       |       |       |       |     1 ||     1
 Armour: Scale mail        |    36 |    64 |    73 |       |    94 |    11 |       ||   278
         Plate armour      |       |       |    36 |       |       |       |       ||    36
         Acid dragon scale |       |       |       |    88 |    19 |       |       ||   107
         Ice dragon scales |       |       |       |       |       |   137 |       ||   137
         Chain mail        |       |       |       |       |       |    12 |   123 ||   135
  Dodge: Dodged            |    19 |    51 |    65 |   142 |   184 |   200 |    79 ||   740
         Repelled          |       |       |       |       |     8 |    35 |     4 ||    47
  Block: Buckler           |    33 |    83 |   140 |   290 |   156 |       |       ||   702
         Reflection        |     1 |     1 |     7 |    13 |    21 |   145 |    28 ||   216
         Kite shield       |       |       |       |       |   535 |   988 |       ||  1523
         Tower shield      |       |       |       |       |       |    72 |   579 ||   651
